 Dungeon Crawl Stone Soup version 0.30.1 (webtiles) character file.

Game seed: 11956897777623581892

198 FallenXxXSky the Shooter (level 6, -1/46 HPs)
             Began as a Human Wanderer on July 11, 2023.
             Was an Initiate of Ru.
             Slain by a gnoll sergeant
             ... wielding a +2 trident of protection
              (4 damage)
             ... on level 2 of the Dungeon.
             The game lasted 00:03:28 (1467 turns).

FallenXxXSky the Shooter (Human Wanderer)           Turns: 1467, Time: 00:03:28

Health: -1/46      AC: 11    Str: 16    XL:     6   Next: 5%
Magic:  6/6        EV:  7    Int:  8    God:    Ru [......]
Gold:   125        SH:  0    Dex: 15    Spells: 5/5 levels left

rFire   . . .        b - +0 flail
rCold   . . .        (no shield)
rNeg    . . .        f - +0 chain mail
rPois   .            (no helmet)
rElec   .            i - +0 cloak
rCorr   .            k - +0 pair of gloves
SInv    .            (no boots)
Will    .....        (no amulet) Stlth
                     (no ring)
HPRegen 0.27/turn    (no ring)
MPRegen 0.10/turn

%: no passive effects
@: no status effects
A: no striking features
a: Renounce Religion


You were on level 2 of the Dungeon.
You worshipped Ru.
Ru was noncommittal.
You visited 1 branch of the dungeon, and saw 3 of its levels.

You collected 125 gold pieces.

Inventory:

Hand Weapons
 a - a +2 sling
 b - a +0 flail (weapon)
Armour
 f - a +0 chain mail (worn)
 i - a +0 cloak (worn)
 k - a +0 pair of gloves (worn)
Jewellery
 o - a +6 ring of intelligence
Wands
 c - a wand of polymorph (3) (quivered)
Scrolls
 d - a scroll of blinking
 g - a scroll of fear {unknown}
 j - a scroll of noise {unknown}
 l - a scroll of identify {unknown}
 m - a scroll of poison {unknown}
 n - 2 scrolls of magic mapping {unknown}
Potions
 e - 2 potions of might
 p - 2 potions of curing {unknown}


   Skills:
 + Level 2.9 Fighting
 * Level 2.1 Maces & Flails
 - Level 2.8 Polearms
 - Level 5.0 Ranged Weapons
 + Level 2.5 Armour
 - Level 2.0 Stealth
 - Level 1.0 Evocations


You had 5 spell levels left.
You didn't know any spells.
Your spell library was empty.

Dungeon Overview and Level Annotations

Branches:
Dungeon (3/15)

Altars:
Ru

Shops:
D:1 (


Message History

The gnoll sergeant shouts!
A gnoll sergeant is nearby!
The gnoll sergeant barely misses you.
Aiming: Polymorph
Press: ? - help, Shift-Dir - straight line, f - gnoll sergeant
Aim: a gnoll sergeant, wielding a +2 trident of protection, wearing a +0 scale mail and wearing a +0 kite shield (will become a worm, a tengu, or a scorpion, chance to affect: 50%)
The gnoll sergeant resists with significant effort.
The gnoll sergeant hits you from afar with a +2 trident of protection.
The gnoll sergeant hits you with a +2 trident of protection.
You hit the gnoll sergeant but do no damage.
The gnoll sergeant completely misses you.
Okay, then.
You barely miss the gnoll sergeant.
The gnoll sergeant hits you with a +2 trident of protection.
You hit the gnoll sergeant but do no damage.
The gnoll sergeant hits you with a +2 trident of protection.
The gnoll sergeant hits you with a +2 trident of protection!
You closely miss the gnoll sergeant.
The gnoll sergeant hits you with a +2 trident of protection.
Aiming: Polymorph
Press: ? - help, Shift-Dir - straight line, f/p - gnoll sergeant
Aim: a gnoll sergeant, wielding a +2 trident of protection, wearing a +0 scale mail and wearing a +0 kite shield (will become a worm, a tengu, or a scorpion, chance to affect: 50%)
The gnoll sergeant resists with significant effort.
The gnoll sergeant hits you with a +2 trident of protection!
* * * LOW HITPOINT WARNING * * *
Aiming: Polymorph
Press: ? - help, Shift-Dir - straight line, f/p - gnoll sergeant
Aim: a gnoll sergeant, wielding a +2 trident of protection, wearing a +0 scale mail and wearing a +0 kite shield (will become a worm, a tengu, or a scorpion, chance to affect: 50%)
The gnoll sergeant resists with significant effort.
The gnoll sergeant hits you with a +2 trident of protection!
* * * LOW HITPOINT WARNING * * *
It was a potion of might.
You feel very mighty all of a sudden. The gnoll sergeant closely misses you.
It was a potion of cancellation.
Your magical effects are unravelling.
You feel magically purged.
You feel a little less mighty now.
The gnoll sergeant hits you with a +2 trident of protection.
You die...

.###.......##...#♣♣#..)..#♣♣
#####...###....## ###.###
###.....###.#..# ### ###
#..[#...##....####.###
'.#................#.##
#.<...................#
#....###....##........#
.....###..####.g).....#
..#........# #..@.....#
...#.......# #........#
#..........# #........#
........#...##........#
........# ............#
........# #.###.####.##
##.......## # #.# #.#
...###.... .. ..#
...#####... #.# ###


You could see a gnoll sergeant.

Vanquished Creatures
  A hound (D:3)
  2 orc wizards
  5 gnolls (D:2)
  2 adders (D:2)
  A worm (D:3)
  A dart slug (D:2)
  8 endoplasms
  3 giant cockroaches
  A goblin (D:3)
  4 hobgoblins
  A quokka (D:1)
  8 ball pythons
  4 bats
  3 frilled lizards
  6 kobolds
  3 rats
53 creatures vanquished.

Notes
Turn   | Place    | Note
-------+----------+-------------------------------------------
     0 | D:1      | FallenXxXSky the Human Wanderer began the quest for the
                  | Orb.
     0 | D:1      | FallenXxXSky set off with the following items: a +2 sling,
                  | a +0 spear, a wand of polymorph (6), a scroll of blinking,
                  | a +0 leather armour.
     0 | D:1      | Reached XP level 1. HP: 13/13 MP: 1/1
   109 | D:1      | Reached XP level 2. HP: 18/20 MP: 2/2
   196 | D:1      | Reached skill level 1 in Fighting
   215 | D:1      | Found Beanuur's Antique Weapon Shop.
   381 | D:1      | Reached XP level 3. HP: 21/26 MP: 3/3
   809 | D:2      | Reached XP level 4. HP: 32/33 MP: 4/4
   902 | D:2      | Identified the +1 robe "Zoahokuf" {Dex+3}
  1030 | D:2      | Noticed a gnoll sergeant
  1104 | D:3      | Reached skill level 1 in Maces & Flails
  1104 | D:3      | Reached XP level 5. HP: 37/39 MP: 5/5
  1218 | D:3      | Found a sacrificial altar of Ru.
  1255 | D:3      | Became a worshipper of Ru the Awakened
  1356 | D:2      | Found the +5 woodcutter's axe
  1433 | D:2      | Reached XP level 6. HP: 45/46 MP: 6/6
  1465 | D:2      | HP: 2/46 [gnoll sergeant/+2 trident of protection (10)]
  1467 | D:2      | Slain by a gnoll sergeant

Illustrated notes

Levels and vault maps discovered:
D:1:      scummos_arrival_forest, layout_basic, serial_shops, shop,
          corexii_item_surrounded_by_moat
D:2:      layout_rooms, dk_noncrumbling_3, pf_guarded_unrand_woodcutter
D:3:      layout_basic, nicolae_ru_great_annihilating_truth,
          hellmonk_ecumenical_altar_watching_god

Skill      XL: |  1  2  3  4  5 |
---------------+----------------+-----
Fighting       | 1 2 |  2.9
Polearms       | 2 |  2.8
Maces & Flails | 1 2 |  2.1
Armour         | 2 |  2.5
Ranged Weapons | |  5.0
Stealth        | |  2.0
Evocations     | |  1.0

Action                     |  1- 3 |  4- 6 || total
---------------------------+-------+-------++-------
  Melee: Spear             |    75 |       ||    75
         Flail             |       |    65 ||    65
   Fire: Sling             |    42 |    30 ||    72
  Evoke: Wand              |       |     3 ||     3
    Use: Potion            |       |     2 ||     2
   Stab: Sleeping          |     5 |       ||     5
         Paralysed         |       |     2 ||     2
 Armour: Leather armour    |    19 |       ||    19
         Chain mail        |    15 |    52 ||    67
  Dodge: Dodged            |    46 |    25 ||    71
